 Dungeon Crawl Stone Soup version 0.30-a0-1103-g25895a7845 (webtiles) character file.

Game seed: 11831573867584222005

35 aMcNicky the Grave Robber (level 3, 0/24 HPs)
             Began as a Demonspawn Necromancer on Apr 18, 2023.
             Slain by Sigmund
             ... wielding a +1 scythe of flaming
              (4 damage)
             ... on level 2 of the Dungeon.
             The game lasted 00:05:38 (1322 turns).

aMcNicky the Grave Robber (Demonspawn Necromancer)  Turns: 1322, Time: 00:05:38

Health: 0/24       AC:  2    Str:  8    XL:     3   Next: 17%
Magic:  0/6        EV: 12    Int: 18    God:
Gold:   110        SH:  0    Dex: 13    Spells: 5/6 levels left

rFire   . . .      SeeInvis .    a - +2 whip (elec)
rCold   . . .      Faith    .    (no shield)
rNeg    . . .      Spirit   .    g - +0 robe
rPois   .          Reflect  .    (no helmet)
rElec   .          Rampage  .    (no cloak)
rCorr   .                        (no gloves)
Will    .....                    (no boots)
Stlth   ++                       (no amulet)
HPRegen 0.24/turn                (no ring)
MPRegen 0.10/turn                (no ring)

@: on berserk cooldown, slowed, very slow
A: claws 1, foul stench 1
a: no special abilities


You were on level 2 of the Dungeon.
You visited 1 branch of the dungeon, and saw 2 of its levels.

You collected 110 gold pieces.

Inventory:

Hand Weapons
 a - a +2 whip of electrocution (weapon)
Missiles
 j - 30 stones (quivered)
Armour
 g - a +0 robe (worn)
Scrolls
 c - a scroll of teleportation {unknown}
 d - a scroll of amnesia
 h - a scroll of immolation {unknown}
 R - 2 scrolls of identify
Potions
 b - a potion of magic
 l - 2 potions of flight


   Skills:
 + Level 0.0 Maces & Flails
 + Level 2.2 Dodging
 - Level 1.7 Stealth
 + Level 2.3 Spellcasting
 * Level 5.0 Necromancy


You had 5 spell levels left.
You knew the following spells:

 Your Spells              Type           Power      Damage    Failure   Level
a - Necrotise             Necr           80%        1d8       2%          1

Your spell library contained the following spells:

 Spells                   Type           Power      Damage    Failure   Level
 Vampiric Draining        Necr           20%        2d7       6%          3
 Animate Dead             Necr           20%        N/A       22%         4
 Gell's Gravitas          Tloc           2%         N/A       45%         3
 Teleport Other           Tloc           2%         N/A       45%         3
 Agony                    Necr           20%        N/A       52%         5
 Dispersal                Tloc           1%         N/A       100%        6


Dungeon Overview and Level Annotations

Branches:
Dungeon (2/15)

Altars:

Annotations:
D:2 Sigmund


Innate Abilities, Weirdness & Mutations

You have sharp fingernails.
You may rarely emit foul miasma when damaged in melee.


Message History

Aiming: Necrotise (safe; 2% risk of failure)
Press: ? - help, Shift-Dir - straight line, f/p - Sigmund
Aim: Sigmund, wielding a +1 scythe of flaming and wearing a +0 robe (lightly wounded, chance to affect: 84%) Sigmund writhes in agony!
Sigmund hits you but does no damage.
Casting: Necrotise (safe; 2% risk of failure)
Confirm with . or Enter, or press ? or * to list all spells.
Aiming: Necrotise (safe; 2% risk of failure)
Press: ? - help, Shift-Dir - straight line, f/p - Sigmund
Aim: Sigmund, wielding a +1 scythe of flaming and wearing a +0 robe (moderately wounded, chance to affect: 84%) Sigmund barely resists.
Your transformation is almost over.
Sigmund hits you but does no damage.
You cannot move.
You cannot move.
Sigmund hits you from afar with a +1 scythe of flaming.
Sigmund burns you.
Your magical contamination has completely faded away.
Casting: Necrotise (safe; 2% risk of failure)
Confirm with . or Enter, or press ? or * to list all spells.
Aiming: Necrotise (safe; 2% risk of failure)
Press: ? - help, Shift-Dir - straight line, f/p - Sigmund
Aim: Sigmund, wielding a +1 scythe of flaming and wearing a +0 robe (moderately wounded, chance to affect: 84%) Sigmund writhes in agony!
Sigmund hits you but does no damage. Sigmund hits you but does no damage.
Sigmund gestures at you while chanting.
You are confused.
You cannot move. (Use ctrl+direction or * direction to attack while stationary and confused.) You're too confused to cast spells.
Sigmund hits you but does no damage. Sigmund hits you but does no damage.
You feel less wooden.
Your +0 robe unmelds from your body.
Sigmund closely misses you.
You're too confused to move!
You feel less confused.
Sigmund points at you and mumbles some strange words.
You resist with significant effort. Sigmund closely misses you.
Casting: Necrotise (safe; 2% risk of failure)
Confirm with . or Enter, or press ? or * to list all spells.
Aiming: Necrotise (safe; 2% risk of failure)
Press: ? - help, Shift-Dir - straight line, f/p - Sigmund
Aim: Sigmund, wielding a +1 scythe of flaming and wearing a +0 robe (heavily wounded, chance to affect: 84%) Sigmund writhes in agony.
Sigmund gestures wildly while chanting.
Sigmund flickers and vanishes!
Deactivating autopickup; reactivate with Ctrl-A.
Something hits you! Something burns you.
You closely miss something. Something hits you!
* * * LOW HITPOINT WARNING * * *
Something burns you.
You die...

######......# . #......#
## ####......#
#.........# #
#....#.#..# .#
#....#.#..# ###.#
#....#.#..# #...
#....#.#..####.########.
#....#.#...@{...........
#....#.#.######.........
######.#.# #.........
#.#.# #...!..... #.#.#
#......... #.#.#
#......... #.#.
#@........ #. #.........
#..w......


There were no monsters in sight!

Vanquished Creatures
  2 adders (D:2)
  2 ball pythons (D:1)
  A bat (D:1)
  An endoplasm (D:1)
  A quokka (D:2)
  3 frilled lizards
  3 kobolds (D:1)
  5 rats
18 creatures vanquished.

Vanquished Creatures (collateral kills)
  An endoplasm (D:2)
1 creature vanquished.

Grand Total: 19 creatures vanquished

Notes
Turn   | Place    | Note
-------+----------+-------------------------------------------
     0 | D:1      | aMcNicky the Demonspawn Necromancer began the quest for the
                  | Orb.
     0 | D:1      | Reached XP level 1. HP: 13/13 MP: 3/3
   460 | D:1      | Found a faded altar of an unknown god.
   495 | D:1      | Gained mutation: You may rarely emit foul miasma when
                  | damaged in melee. [demonic ancestry]
   495 | D:1      | Reached XP level 2. HP: 19/19 MP: 0/5
  1065 | D:2      | Reached skill level 5 in Necromancy
  1065 | D:2      | Gained mutation: You have sharp fingernails. [demonic
                  | ancestry]
  1065 | D:2      | Reached XP level 3. HP: 24/24 MP: 2/6
  1289 | D:2      | Noticed Sigmund
  1322 | D:2      | Slain by Sigmund

Illustrated notes

Levels and vault maps discovered:
D:1:      saegor_arrival_fortress, layout_basic,
          chequers_ecumenical_altar_twisty
D:2:      layout_basic, uniq_sigmund

Skill      XL: |  1  2 |
---------------+-------+-----
Dodging        | 2 |  2.2
Necromancy     | 5 |  5.0
Stealth        | |  1.7
Spellcasting   | |  2.3

Action                     || total
---------------------------++-------
  Melee: Unarmed           ||     2
         Dagger            ||     8
         Whip              ||     4
  Throw: Stone             ||     2
   Cast: Necrotise         ||    34
    Use: Scroll            ||     3
         Potion            ||     2
   Stab: Sleeping          ||     2
 Armour: Robe              ||     2
         Skin              ||    11
  Dodge: Dodged            ||    17

Table legend: (Time is in decaauts)
 A = Elapsed time spent in this place.
 B = Non-inter-level travel time spent in this place.
 C = Inter-level travel time spent in this place.
 D = Time resting spent in this place.
 E = Time spent auto-exploring this place.
 F = Levels seen in this place.
 G = Mean time per level.
                   A        B        C        D        E       F      G
               +--------+--------+--------+--------+--------+-----+--------+
         Total |   1328 |   1318 |     10 |     18 |    883 |   2 |  664.0 |
       Dungeon |   1328 |   1318 |     10 |     18 |    883 |   2 |  664.0 |
               +--------+--------+--------+--------+--------+-----+--------+

Top non-repeatable levels by time:
     D:1: 985 daAuts
     D:2: 343 daAuts
